 Dungeon Crawl Stone Soup version 0.31-a0-196-g86fe4a5e66 (webtiles) character file.

Game seed: 9838041585143451690

88183 qw the Markself (level 15, -5/96 HPs)
             Began as a Deep Elf Hunter on June 24, 2023.
             Was the Champion of Okawaru.
             Killed by the raging water
             ... invoked by a water nymph
              (19 damage)
             ... on level 1 of the Shoals.
             The game lasted 00:09:29 (19964 turns).

qw the Markself (Deep Elf Hunter)                  Turns: 19964, Time: 00:09:30

Health: -5/96      AC: 28    Str: 12    XL:     15   Next: 45%
Magic:  24/24      EV: 22    Int: 16    God:    Okawaru [******]
Gold:   199        SH:  0    Dex: 24    Spells: 14/14 levels left

rFire   + . .        o - +8 longbow (heavy)
rCold   . . .        (shield currently unavailable)
rNeg    + + +        d - +0 pearl dragon scales
rPois   +            B - +1 helmet {SInv}
rElec   +            a - +2 cloak of the Thief {*Fog Slay-2 SInv Stlth+}
rCorr   +            r - +2 pair of gloves
SInv    +            l - +1 pair of boots of Beauty {rElec Will+}
Will    ++...        p - amulet of faith
Stlth   ++           b - ring "Mefrim" {rPois rN+++ Dex+6 Slay-3 Stlth+}
HPRegen 0.36/turn    C - ring of Woelicha {rF+ rCorr Str-2 Slay+5}
MPRegen 0.19/turn

%: faith
@: about to teleport, heroic, very slow
A: no striking features
a: Renounce Religion, Heroism, Finesse, Duel


You were on level 1 of the Shoals.
You worshipped Okawaru.
Okawaru was exalted by your worship.
You visited 5 branches of the dungeon, and saw 24 of its levels.

You collected 3484 gold pieces.
You spent 3285 gold pieces at shops.


   Skills:
 - Level 11.9(16.9) Fighting
 - Level 20.0(25.0) Ranged Weapons
 + Level 9.1(14.1) Armour
 - Level 16.0(21.0) Dodging
 - Level 1.2(6.2) Stealth
 - Level 10.0 Invocations


You had 14 spell levels left.
You didn't know any spells.
Your spell library was empty.

Inventory:

Hand Weapons
 o - a +8 heavy longbow (weapon)
Armour
 a - the +2 cloak of the Thief (worn) {*Fog Slay-2 SInv Stlth+}
   (You acquired it on level 1 of the Dungeon)

   *Fog:      It may release a thick cloud of smoke when the wearer is hurt.
   Slay:      It affects your accuracy & damage with ranged weapons and melee
   (-2).
   SInv:      It lets you see invisible.
   Stlth:     It makes you more stealthy.
 d - +0 pearl dragon scales (worn)
 l - the +1 pair of boots of Beauty (worn) {rElec Will+}
   (You found it on level 5 of the Lair of Beasts)

   rElec:     It insulates you from electricity.
   Will:      It increases your willpower.
 r - a +2 pair of gloves (worn)
 t - the +3 hat of Pondering {ponderous, Will+ MP+10 Int+5}
   (You took it off Gastronok on level 3 of the Lair of Beasts)

   Int:       It affects your intelligence (+5).
   MP:        It affects your magic capacity (+10).
   Will:      It increases your willpower.
 w - a +4 scale mail of fire resistance
 A - a +2 ring mail of poison resistance
 B - a +1 helmet of see invisible (worn)
Jewellery
 b - the ring "Mefrim" (left hand) {rPois rN+++ Dex+6 Slay-3 Stlth+}
   (You acquired it on level 2 of the Lair of Beasts)

   [ring of dexterity]

   Dex:       It affects your dexterity (+6).
   Slay:      It affects your accuracy & damage with ranged weapons and melee
   (-3).
   rPois:     It protects you from poison.
   rN:        It renders you almost immune to negative energy.
   Stlth:     It makes you more stealthy.
 f - an amulet of regeneration
 p - an amulet of faith (around neck)
 u - a ring of protection from fire
 C - the ring of Woelicha (right hand) {rF+ rCorr Str-2 Slay+5}
   (You bought it in a shop on level 2 of the Orcish Mines)

   [ring of resist corrosion]

   Str:       It affects your strength (-2).
   Slay:      It affects your accuracy & damage with ranged weapons and melee
   (+5).
   rF:        It protects you from fire.
   rCorr:     It protects you from acid and corrosion.
 Y - a +5 ring of evasion
Wands
 v - a wand of digging (4)
Scrolls
 c - 7 scrolls of teleportation
 k - a scroll of brand weapon
 n - 16 scrolls of identify
Potions
 e - 7 potions of enlightenment
 h - 3 potions of might
 i - 6 potions of haste
 j - 4 potions of resistance
 m - 13 potions of curing
 q - 3 potions of heal wounds
 s - 4 potions of mutation
 z - 3 potions of magic

Dungeon Overview and Level Annotations

Branches:
Dungeon (15/15)            Temple (1/1) D:6            Lair (5/5) D:9
 Shoals (1/4) Lair:3        Snake (0/4) Lair:2        Slime (0/5) Lair:5
    Orc (2/2) D:10            Elf (0/3) Orc:2        Vaults (0/5) D:14
 Depths (0/4) D:15

Altars:
Ashenzari
Cheibriados
Dithmenos
Elyvilon
Fedhas
Gozag
Hepliaklqana
Kikubaaqudgha
Makhleb
Nemelex Xobeh
Okawaru
Qazlal
Ru
Sif Muna
Trog
Uskayaw
Vehumet
Wu Jian
Xom
Yredelemnul
Zin
The Shining One

Shops:
D:11 *[:*!   D:15 :   Orc:2 =[[*

Portals:
Hell: Lair:5
Trove: D:10 (give 8 potions of haste)

Annotations:
D:4 3 runed translucent doors, qw's ghost, novice DEHu
D:7 2 transporters


Message History

19958 ||| Stepping ~*~*~tactically~*~*~ (water).
The wind drake flaps its wings at you. The air twists around and strikes you!
You shoot an arrow. The arrow hits the water nymph.
The water nymph is moderately wounded.
The water nymph completely misses you.
Splash!
You fall into the shallow water.
Moving in this stuff is going to be slow.
The wind drake barely misses you. The water nymph casts a spell at you.
The water swirls and strikes you.
19960 ||| Stepping ~*~*~tactically~*~*~ (water).
The water nymph attacks as you move away!
The water nymph touches you. The water nymph drowns you!
The wind drake bites you but does no damage.
You shoot an arrow. The arrow hits the wind drake!!!
The wind drake is severely wounded.
The wind drake bites you.
Splash!
You fall into the shallow water.
Moving in this stuff is going to be slow.
The wind drake exhales a fierce blast of wind!
You are knocked back by the gust of wind.
Splash!
The water nymph is knocked back by the gust of wind.
You shoot an arrow. The arrow is repelled.
The water nymph gestures at you while chanting.
The water swirls and strikes you.
You shoot an arrow. The arrow hits the wind drake!!!
You kill the wind drake!
Okawaru accepts your kill.
The water nymph points at you and mumbles some strange words.
The water swirls and strikes you!!
19964 ||| READING 8 scrolls of teleportation.
As you read the scroll of teleportation, it crumbles to dust.
You feel strangely unstable. The water nymph casts a spell at you.
The water swirls and strikes you!!
You die...

~~~~~~~~~~~.
~..~~~~~~.. ~~.~~~~~~.#
# .~~~~~~~~.## .. ~~
.~~~~~~~~~.#... .PP~~
~~~~~.~~~...... P~PP~~
~~~~~~~~~......##.P~~~~
~~~~~~~@~.# ...~~~~~~
~~~~~~~~~.# ###.~~~~~~~
~~~~~~~~~~###~~¤~~~~~~~
~~~~~~~~m~~~~~.¤~¤~~~~~
~~~~~~~~~~~~.~¤¤¤~~~~~~
~~~~~~~~....###¤¤P.P~~~
~~~~~~~~....# #¤¤¤P~P~~
~~~~~~~P~######¤¤¤PPP~~
~~~~~~P #..¤¤¤PPPP~~


You could see a water nymph.

Vanquished Creatures
  Gastronok (Lair:3)
  A vault guard (D:14)
  Fannar (Lair:3)
  5 hydras
  2 rakshasas
  3 catoblepae
  A two-headed ogre (D:11)
  5 boulder beetles
  16 death yaks
  4 centaur warriors
  2 tengu warriors (D:14)
  3 orc high priests (Orc:2)
  A sun demon (Lair:5)
  A skyshark (Lair:5)
  A skeletal warrior (D:10)
  Lodul (D:14)
  A necromancer (D:15)
  4 orc knights (Orc:2)
  A wizard (Lair:5)
  16 ugly things
  6 deep elf pyromancers
  A manticore (D:12)
  6 orc sorcerers
  5 cyclopes
  A merfolk siren (Shoals:1)
  A naga mage (D:15)
  A torpor snail (Lair:5)
  6 cane toads
  A gargoyle (D:13)
  3 black mambas
  A smoke demon (Lair:5)
  3 orange demons (Lair:5)
  A kobold demonologist (D:11)
  9 komodo dragons
  An unseen horror (D:11)
  4 rime drakes (Lair:5)
  A komodo dragon (shapeshifter) (D:14)
  A red devil (Lair:5)
  An ice devil (Lair:5)
  3 tengu conjurers
  3 meliai (D:13)
  3 polar bears
  A queen bee (shapeshifter) (D:15)
  A wind drake (Shoals:1)
  5 trolls
  6 blink frogs
  16 dream sheep
  A meliai zombie (D:15)
  10 slime creatures
  2 jumping spiders (shapeshifter) (D:14)
  A vampire (D:9)
  A water elemental (D:13)
  2 centaur simulacra (D:14)
  54 yaks
  4 wraiths
  4 wyverns
  7 basilisks
  10 vampire mosquitoes
  3 steam dragons
  An acid dragon (D:11)
  2 nagas (Lair:2)
  5 water moccasins
  4 hell hounds (Lair:5)
  25 orc warriors
  2 sky beasts
  3 black bears
  2 ice beasts
  5 wolves (Lair:4)
  14 centaurs
  18 ogres
  3 phantoms (D:6)
  5 kobold brigands
  2 wyvern zombies (D:6)
  9 bullfrogs
  5 scorpions
  9 wights
  15 killer bees
  4 electric eels (D:13)
  4 howler monkeys
  2 hounds
  2 quasits (D:8)
  2 centaur zombies (D:6)
  3 bullfrog zombies (D:6)
  A gnoll bouda (D:5)
  22 orc priests
  6 jellies
  2 sleepcaps
  3 centaur skeletons
  4 iguanas
  32 orc wizards
  7 hell rats (Lair:4)
  A boggart skeleton (D:15)
  A killer bee zombie (D:6)
  9 gnolls
  11 adders
  5 shadow imps
  5 white imps
  3 ufetubi
  2 worms (D:2)
  4 dart slugs
  81 orcs
  7 endoplasms
  6 giant cockroaches
  9 goblins
  5 hobgoblins
  2 jackals (D:4)
  13 kobolds
  3 quokkas
  8 ball pythons
  11 bats
  2 frilled lizards
  8 rats
679 creatures vanquished.

Vanquished Creatures (others)
  A white imp (D:7)
1 creature vanquished.

Grand Total: 680 creatures vanquished

Notes
Turn   | Place    | Note
-------+----------+-------------------------------------------
     0 | D:1      | qw the Deep Elf Hunter began the quest for the Orb.
     0 | D:1      | Reached XP level 1. HP: 12/12 MP: 3/3
     0 | D:1      | 0 ||| qw: Version: 0.3-a-9-g12657ce
     0 | D:1      | 0 ||| qw: Game counter: 4765
     0 | D:1      | 0 ||| qw: Always use a shield: true
     0 | D:1      | 0 ||| qw: God list: Okawaru
     0 | D:1      | 0 ||| qw: Allow faded altars: false
     0 | D:1      | 0 ||| qw: Do Orc after D:15 true
     0 | D:1      | 0 ||| qw: Do second Lair branch before Depths: true
     0 | D:1      | 0 ||| qw: Lair rune preference: random
     0 | D:1      | 0 ||| qw: Plans: Normal
     0 | D:1      | 0 ||| PLANNING D:1-11
    63 | D:1      | Found a faded altar of an unknown god.
   113 | D:1      | Reached skill level 6 in Ranged Weapons
   113 | D:1      | Reached XP level 2. HP: 16/16 MP: 4/4
   625 | D:1      | 625 ||| READING scroll labelled WYSCHE OTZYUGHA.
   626 | D:1      | 626 ||| READING 3 scrolls labelled RUCIHI ZOAFOV.
   626 | D:1      | Identified 3 scrolls of acquirement
   626 | D:1      | 626 ||| ACQUIRING +2 cloak of the Thief {*Fog Slay-2 SInv
                  | Stlth+}
   626 | D:1      | Acquired the +2 cloak of the Thief {*Fog Slay-2 SInv
                  | Stlth+}
   626 | D:1      | Found the +2 cloak of the Thief {*Fog Slay-2 SInv Stlth+}
   628 | D:1      | 628 ||| UPGRADING to +2 cloak of the Thief {*Fog Slay-2
                  | SInv Stlth+}.
   633 | D:1      | 633 ||| READING 2 scrolls of acquirement.
   633 | D:1      | 633 ||| ACQUIRING +7 hand crossbow of Mir Avos {drain, rC+
                  | rCorr Stlth+}
   633 | D:1      | Acquired the +7 hand crossbow of Mir Avos {drain, rC+ rCorr
                  | Stlth+}
   635 | D:1      | 635 ||| SWAPPING to +7 hand crossbow of Mir Avos {drain,
                  | rC+ rCorr Stlth+}.
   636 | D:1      | 636 ||| DROPPING +0 shortbow.
   637 | D:1      | 637 ||| READING scroll of acquirement.
   637 | D:1      | 637 ||| ACQUIRING +0 arbalest of Contradiction {elec, rElec
                  | rC+ Will+}
   637 | D:1      | Acquired the +0 arbalest of Contradiction {elec, rElec rC+
                  | Will+}
   639 | D:1      | 639 ||| READING scroll labelled RUOSTR ATAYNEMA.
   642 | D:1      | 642 ||| READING scroll labelled ANAPEZ IKICSY.
   643 | D:1      | 643 ||| DRINKING 2 blue potions.
   644 | D:1      | 644 ||| DRINKING 2 ruby potions.
   645 | D:1      | 645 ||| DROPPING scroll of butterflies.
   646 | D:1      | 646 ||| DROPPING potion of attraction.
   682 | D:2      | Reached XP level 3. HP: 20/20 MP: 5/5
   825 | D:2      | 825 ||| Stepping ~*~*~tactically~*~*~ (outnumbered).
   827 | D:2      | 827 ||| Stepping ~*~*~tactically~*~*~ (outnumbered).
   829 | D:2      | 829 ||| Stepping ~*~*~tactically~*~*~ (outnumbered).
   831 | D:2      | 831 ||| Stepping ~*~*~tactically~*~*~ (outnumbered).
   833 | D:2      | 833 ||| Stepping ~*~*~tactically~*~*~ (outnumbered).
   966 | D:2      | Reached skill level 7 in Ranged Weapons
   967 | D:2      | Reached XP level 4. HP: 25/25 MP: 6/6
  1117 | D:2      | Reached skill level 8 in Ranged Weapons
  1224 | D:2      | 1224 ||| UPGRADING to +0 ring mail.
  1234 | D:2      | 1234 ||| DROPPING +0 leather armour.
  1235 | D:2      | 1235 ||| UPGRADING to amulet of regeneration.
  1240 | D:2      | 1240 ||| READING scroll labelled WEKHUYR RUWNO.
  1241 | D:2      | 1241 ||| DRINKING 3 red potions.
  1321 | D:3      | Noticed an ice beast
  1322 | D:3      | Killed an ice beast
  1323 | D:3      | Reached skill level 9 in Ranged Weapons
  1323 | D:3      | Reached XP level 5. HP: 29/29 MP: 7/7
  1454 | D:3      | Found a radiant altar of Vehumet.
  1602 | D:3      | Noticed an ogre
  1604 | D:3      | Killed an ogre
  1605 | D:3      | Reached XP level 6. HP: 35/35 MP: 8/8
  2371 | D:3      | 2371 ||| Stepping randomly (stuck).
  2416 | D:4      | Reached skill level 10 in Ranged Weapons
  2557 | D:4      | Reached skill level 3 in Dodging
  2624 | D:4      | Reached skill level 1 in Armour
  2989 | D:4      | Found a runed translucent gate.
  2989 | D:4      | Found a runed translucent gate.
  2989 | D:4      | Found a runed translucent gate.
  2991 | D:4      | Noticed qw's ghost (novice DEHu)
  3018 | D:4      | Reached XP level 7. HP: 40/40 MP: 9/9
  3025 | D:4      | 3025 ||| FLEEEEING.
  3026 | D:4      | 3026 ||| FLEEEEING.
  3109 | D:4      | 3109 ||| UPGRADING to amulet of faith.
  3119 | D:4      | 3119 ||| DRINKING 2 lumpy coppery potions.
  3120 | D:4      | 3120 ||| DRINKING 2 golden potions.
  3121 | D:4      | 3121 ||| READING 2 scrolls of identify.
  3121 | D:4      | 3121 ||| IDENTIFYING black potion
  3122 | D:4      | 3122 ||| DROPPING potion of brilliance.
  3145 | D:5      | Entered Level 5 of the Dungeon
  3182 | D:5      | Reached skill level 11 in Ranged Weapons
  3353 | D:5      | Reached skill level 12 in Ranged Weapons
  3445 | D:5      | Reached XP level 8. HP: 45/45 MP: 10/10
  3448 | D:5      | Reached skill level 3 in Fighting
  3692 | D:5      | HP: 8/46 [ogre/+0 giant spiked club (15)]
  3693 | D:5      | 3693 ||| READING 2 scrolls of teleportation.
  3694 | D:5      | 3694 ||| DRINKING 2 potions of heal wounds.
  3816 | D:5      | Found Vairogur's Weapon Boutique.
  3839 | D:5      | Reached skill level 13 in Ranged Weapons
  4151 | D:5      | 4151 ||| UPGRADING to +2 pair of gloves.
  4156 | D:5      | 4156 ||| READING scroll labelled ROMUOM EGEOKKU.
  4157 | D:5      | 4157 ||| DRINKING 2 bubbling sapphire potions.
  4215 | D:6      | Reached skill level 14 in Ranged Weapons
  4244 | D:6      | Reached XP level 9. HP: 51/51 MP: 11/11
  4249 | D:6      | 4249 ||| Stepping ~*~*~tactically~*~*~ (outnumbered).
  4251 | D:6      | 4251 ||| Stepping ~*~*~tactically~*~*~ (outnumbered).
  4341 | D:6      | Found a staircase to the Ecumenical Temple.
  4342 | D:6      | 4342 ||| PLANNING TEMPLE
  4342 | D:6      | 4342 ||| READING scroll labelled JUEGILL ZIFEI.
  4343 | D:6      | 4343 ||| DRINKING 2 pink potions.
  4380 | D:6      | 4380 ||| DROPPING potion of lignification.
  4385 | Temple   | Entered the Ecumenical Temple
  4489 | Temple   | 4489 ||| PLANNING OKAWARU WORSHIP
  4522 | Temple   | Became a worshipper of Warmaster Okawaru
  4523 | Temple   | 4523 ||| PLANNING D:1-11
  4649 | D:6      | 4649 ||| READING scroll of acquirement.
  4649 | D:6      | 4649 ||| ACQUIRING 1132 gold pieces
  4649 | D:6      | Acquired 1132 gold pieces
  4779 | D:6      | Reached skill level 15 in Ranged Weapons
  4787 | D:6      | Reached * piety under Okawaru
  4788 | D:6      | 4788 ||| INVOKING Heroism.
  4788 | D:6      | HP: 11/52 [killer bee (6)]
  4789 | D:6      | 4789 ||| READING 3 scrolls of teleportation.
  4790 | D:6      | 4790 ||| DRINKING potion of heal wounds.
  4855 | D:6      | Reached skill level 1 in Invocations
  4898 | D:6      | 4898 ||| INVOKING Heroism.
  5011 | D:6      | 5011 ||| INVOKING Heroism.
  5108 | D:6      | 5108 ||| UPGRADING to +0 helmet.
  5113 | D:6      | 5113 ||| UPGRADING to +5 ring of evasion.
  5114 | D:6      | 5114 ||| READING scroll labelled XUUWKY KOSE.
  5204 | D:7      | Found a transporter.
  5236 | D:7      | Found a transporter.
  5402 | D:7      | Reached skill level 3 in Invocations
  5452 | D:7      | 5452 ||| INVOKING Heroism.
  5870 | D:7      | 5870 ||| READING 2 scrolls labelled FERORE OREOCKI.
  5871 | D:7      | 5871 ||| READING scroll labelled RABBEK JIWU.
  5872 | D:7      | 5872 ||| READING 2 scrolls of identify.
  5872 | D:7      | 5872 ||| IDENTIFYING bubbling pink potion
  5873 | D:7      | 5873 ||| DROPPING potion of invisibility.
  5874 | D:7      | 5874 ||| DROPPING scroll of fog.
  5911 | D:8      | 5911 ||| INVOKING Heroism.
  5915 | D:8      | Reached skill level 16 in Ranged Weapons
  5939 | D:8      | 5939 ||| INVOKING Heroism.
  5969 | D:8      | Found a flagged portal.
  5990 | D:8      | 5990 ||| Stepping ~*~*~tactically~*~*~ (outnumbered).
  5992 | D:8      | 5992 ||| Stepping ~*~*~tactically~*~*~ (outnumbered).
  5994 | D:8      | 5994 ||| Stepping ~*~*~tactically~*~*~ (outnumbered).
  5996 | D:8      | 5996 ||| Stepping ~*~*~tactically~*~*~ (outnumbered).
  5998 | D:8      | 5998 ||| Stepping ~*~*~tactically~*~*~ (outnumbered).
  6002 | D:8      | Reached ** piety under Okawaru
  6003 | D:8      | Reached skill level 6 in Dodging
  6003 | D:8      | Reached XP level 10. HP: 53/56 MP: 15/15
  6110 | D:8      | 6110 ||| INVOKING Heroism.
  6317 | D:8      | Reached skill level 17 in Ranged Weapons
  6320 | D:8      | 6320 ||| INVOKING Heroism.
  6484 | D:8      | Found a glowing silver altar of Zin.
  6848 | D:8      | 6848 ||| UPGRADING to ring of positive energy.
  6849 | D:8      | 6849 ||| READING scroll labelled JUANGU YRA.
  6956 | D:9      | Reached *** piety under Okawaru
  7072 | D:9      | Found a staircase to the Lair.
  7168 | D:9      | Reached skill level 18 in Ranged Weapons
  7304 | D:9      | 7304 ||| INVOKING Heroism.
  7389 | D:9      | 7389 ||| PLANNING LAIR
  7394 | Lair:1   | Entered Level 1 of the Lair of Beasts
  7394 | Lair:1   | Noticed a black mamba
  7395 | Lair:1   | 7395 ||| INVOKING Heroism.
  7400 | Lair:1   | Killed a black mamba
  7414 | Lair:1   | 7414 ||| INVOKING Heroism.
  7488 | Lair:1   | 7488 ||| INVOKING Heroism.
  7492 | Lair:1   | Reached **** piety under Okawaru
  7503 | Lair:1   | Reached XP level 11. HP: 27/63 MP: 16/16
  7504 | Lair:1   | HP: 15/63 [blink frog (13)]
  7504 | Lair:1   | HP: 7/63 [blink frog (8)]
  7505 | Lair:1   | 7505 ||| READING 3 scrolls of teleportation.
  7505 | Lair:1   | HP: 2/63 [blink frog (5)]
  7506 | Lair:1   | 7506 ||| DRINKING 3 potions of heal wounds.
  7631 | Lair:1   | 7631 ||| INVOKING Heroism.
  7643 | Lair:1   | Reached skill level 3 in Armour
  7814 | Lair:1   | 7814 ||| INVOKING Heroism.
  7880 | Lair:1   | Identified the +0 scale mail "Udeptino" {rElec rF+}
  8116 | Lair:1   | 8116 ||| DROPPING +2 robe of fire resistance.
  8359 | Lair:1   | 8359 ||| DROPPING +1 hat.
  8360 | Lair:1   | 8360 ||| UPGRADING to +0 scale mail "Udeptino" {rElec rF+}.
  8370 | Lair:1   | 8370 ||| DROPPING ring of resist corrosion.
  8371 | Lair:1   | 8371 ||| UPGRADING to +4 ring of protection.
  8373 | Lair:1   | 8373 ||| DROPPING ring of positive energy.
  8374 | Lair:1   | 8374 ||| READING 3 scrolls of identify.
  8374 | Lair:1   | 8374 ||| IDENTIFYING metallic blue potion
  8375 | Lair:1   | 8375 ||| READING 2 scrolls of identify.
  8375 | Lair:1   | 8375 ||| IDENTIFYING smoky white potion
  8376 | Lair:1   | 8376 ||| DROPPING potion of degeneration.
  8389 | Lair:2   | Reached skill level 6 in Invocations
  8389 | Lair:2   | 8389 ||| INVOKING Heroism.
  8410 | Lair:2   | 8410 ||| READING scroll of acquirement.
  8410 | Lair:2   | 8410 ||| ACQUIRING ring "Mefrim" {rPois rN+++ Dex+6 Slay-3
                  | Stlth+}
  8410 | Lair:2   | Acquired the ring "Mefrim" {rPois rN+++ Dex+6 Slay-3
                  | Stlth+}
  8412 | Lair:2   | 8412 ||| UPGRADING to ring "Mefrim" {rPois rN+++ Dex+6
                  | Slay-3 Stlth+}.
  8484 | Lair:2   | Found a staircase to the Snake Pit.
  8486 | Lair:2   | 8486 ||| Stepping ~*~*~tactically~*~*~ (outnumbered).
  8514 | Lair:2   | 8514 ||| INVOKING Heroism.
  8619 | Lair:2   | Noticed a death yak
  8620 | Lair:2   | 8620 ||| INVOKING Heroism.
  8626 | Lair:2   | Noticed a death yak
  8627 | Lair:2   | Noticed a death yak
  8630 | Lair:2   | Killed a death yak
  8631 | Lair:2   | Reached skill level 6 in Fighting
  8631 | Lair:2   | Noticed a death yak
  8632 | Lair:2   | Noticed a death yak
  8634 | Lair:2   | 8634 ||| INVOKING Heroism.
  8634 | Lair:2   | Noticed a death yak
  8640 | Lair:2   | Killed a death yak
  8644 | Lair:2   | Killed a death yak
  8648 | Lair:2   | Killed a death yak
  8648 | Lair:2   | Reached ***** piety under Okawaru
  8649 | Lair:2   | Reached skill level 9 in Dodging
  8649 | Lair:2   | 8649 ||| INVOKING Finesse.
  8650 | Lair:2   | Killed a death yak
  8655 | Lair:2   | Killed a death yak
  8993 | Lair:2   | 8993 ||| INVOKING Heroism.
  9373 | Lair:2   | 9373 ||| UPGRADING to +5 ring of evasion.
  9375 | Lair:2   | 9375 ||| READING 3 scrolls of identify.
  9375 | Lair:2   | 9375 ||| IDENTIFYING smoky amethyst potion
  9376 | Lair:2   | 9376 ||| READING 2 scrolls of identify.
  9376 | Lair:2   | 9376 ||| IDENTIFYING murky yellow potion
  9448 | Lair:3   | Noticed Gastronok
  9449 | Lair:3   | 9449 ||| INVOKING Heroism.
  9459 | Lair:3   | Killed Gastronok
  9460 | Lair:3   | Reached skill level 9 in Invocations
  9460 | Lair:3   | Reached XP level 12. HP: 58/71 MP: 20/20
  9464 | Lair:3   | 9464 ||| INVOKING Heroism.
  9489 | Lair:3   | 9489 ||| FLEEEEING.
  9556 | Lair:3   | 9556 ||| INVOKING Heroism.
  9583 | Lair:3   | Noticed a five-headed hydra
  9590 | Lair:3   | Killed a five-headed hydra
  9746 | Lair:3   | Noticed Fannar
  9755 | Lair:3   | Killed Fannar
  9760 | Lair:3   | 9760 ||| INVOKING Heroism.
  9809 | Lair:3   | Received a gift from Okawaru
  9842 | Lair:3   | 9842 ||| SWAPPING to +2 longbow of freezing.
  9843 | Lair:3   | 9843 ||| DROPPING +7 hand crossbow of Mir Avos {drain, rC+
                  | rCorr Stlth+}.
  9844 | Lair:3   | 9844 ||| DROPPING +0 arbalest of Contradiction {elec, rElec
                  | rC+ Will+}.
  9845 | Lair:3   | 9845 ||| READING 4 scrolls of enchant weapon.
  9845 | Lair:3   | 9845 ||| ENCHANTING +2 longbow of freezing.
  9846 | Lair:3   | 9846 ||| READING 3 scrolls of enchant weapon.
  9846 | Lair:3   | 9846 ||| ENCHANTING +3 longbow of freezing.
  9847 | Lair:3   | 9847 ||| READING 2 scrolls of enchant weapon.
  9847 | Lair:3   | 9847 ||| ENCHANTING +4 longbow of freezing.
  9848 | Lair:3   | 9848 ||| READING scroll of enchant weapon.
  9848 | Lair:3   | 9848 ||| ENCHANTING +5 longbow of freezing.
 10110 | Lair:3   | Found a staircase to the Shoals.
 10471 | Lair:3   | 10471 ||| UPGRADING to +0 pearl dragon scales.
 10481 | Lair:3   | 10481 ||| DROPPING +0 ring mail.
 10482 | Lair:3   | 10482 ||| READING 2 scrolls of identify.
 10482 | Lair:3   | 10482 ||| IDENTIFYING fizzy emerald potion
 10519 | Lair:4   | 10519 ||| INVOKING Heroism.
 10530 | Lair:4   | Noticed a six-headed hydra
 10536 | Lair:4   | Killed a six-headed hydra
 10537 | Lair:4   | Reached skill level 19 in Ranged Weapons
 10541 | Lair:4   | 10541 ||| DRINKING potion of cancellation.
 10619 | Lair:4   | 10619 ||| FLEEEEING.
 10620 | Lair:4   | 10620 ||| FLEEEEING.
 10722 | Lair:4   | Noticed a boulder beetle
 10723 | Lair:4   | 10723 ||| INVOKING Heroism.
 10724 | Lair:4   | 10724 ||| INVOKING Finesse.
 10728 | Lair:4   | Killed a boulder beetle
 10820 | Lair:4   | Reached skill level 20 in Ranged Weapons
 10856 | Lair:4   | Identified the +2 crystal plate armour of Card Tricks
                  | {Str+4} (Okawaru gifted it to you on level 4 of the Lair of
                  | Beasts)
 10856 | Lair:4   | Received a gift from Okawaru
 10945 | Lair:4   | Noticed a death yak
 10945 | Lair:4   | 10945 ||| INVOKING Heroism.
 10946 | Lair:4   | 10946 ||| INVOKING Finesse.
 10956 | Lair:4   | Killed a death yak
 10957 | Lair:4   | Noticed a death yak
 10957 | Lair:4   | Noticed a death yak
 10963 | Lair:4   | Reached XP level 13. HP: 76/76 MP: 16/22
 10991 | Lair:4   | Reached skill level 6 in Armour
 11275 | Lair:4   | Identified the +2 leather armour of Baldness {Harm Int-5
                  | Dex+3}
 11534 | Lair:4   | 11534 ||| INVOKING Heroism.
 11794 | Lair:4   | 11794 ||| READING scroll labelled MEOFFED VOMUZXICU.
 11795 | Lair:4   | 11795 ||| READING scroll labelled PEUZUR UKOYN.
 11835 | Lair:5   | Entered Level 5 of the Lair of Beasts
 11836 | Lair:5   | 11836 ||| PLANNING GAUNTLET
 11876 | Lair:5   | 11876 ||| INVOKING Heroism.
 11877 | Lair:5   | 11877 ||| INVOKING Finesse.
 12075 | Lair:5   | 12075 ||| INVOKING Heroism.
 12092 | Lair:5   | Identified the +1 pair of boots of Beauty {rElec Will+}
 12127 | Lair:5   | Found a staircase to the Slime Pits.
 12163 | Lair:5   | 12163 ||| INVOKING Heroism.
 12281 | Lair:5   | 12281 ||| RIP GAUNTLET
 12292 | Lair:5   | 12292 ||| PLANNING LAIR
 12292 | Lair:5   | 12292 ||| INVOKING Heroism.
 12293 | Lair:5   | 12293 ||| INVOKING Finesse.
 12295 | Lair:5   | 12295 ||| Stepping ~*~*~tactically~*~*~ (cloud).
 12310 | Lair:5   | 12310 ||| Stepping ~*~*~tactically~*~*~ (cloud).
 12597 | Lair:5   | Reached skill level 9 in Fighting
 12603 | Lair:5   | 12603 ||| INVOKING Heroism.
 12604 | Lair:5   | 12604 ||| INVOKING Finesse.
 12703 | Lair:5   | Found a burning altar of Makhleb.
 12707 | Lair:5   | 12707 ||| INVOKING Heroism.
 12708 | Lair:5   | 12708 ||| INVOKING Finesse.
 12724 | Lair:5   | 12724 ||| Stepping ~*~*~tactically~*~*~ (outnumbered).
 12725 | Lair:5   | 12725 ||| Stepping ~*~*~tactically~*~*~ (outnumbered).
 12778 | Lair:5   | Found a gateway to Hell.
 12996 | Lair:5   | 12996 ||| INVOKING Heroism.
 13146 | Lair:5   | 13146 ||| PLANNING D:1-11
 13146 | Lair:5   | 13146 ||| UPGRADING to +1 pair of boots of Beauty {rElec
                  | Will+}.
 13151 | Lair:5   | 13151 ||| READING scroll labelled KASUODWOUD.
 13299 | D:10     | Entered Level 10 of the Dungeon
 13303 | D:10     | 13303 ||| INVOKING Heroism.
 13308 | D:10     | Received a gift from Okawaru
 13381 | D:10     | 13381 ||| INVOKING Heroism.
 13382 | D:10     | 13382 ||| Stepping ~*~*~tactically~*~*~ (cloud).
 13399 | D:10     | 13399 ||| Stepping ~*~*~tactically~*~*~ (outnumbered).
 13404 | D:10     | 13404 ||| INVOKING Finesse.
 13405 | D:10     | 13405 ||| Stepping ~*~*~tactically~*~*~ (cloud).
 13406 | D:10     | 13406 ||| Stepping ~*~*~tactically~*~*~ (cloud).
 13413 | D:10     | Reached XP level 14. HP: 85/86 MP: 18/23
 13415 | D:10     | 13415 ||| Stepping ~*~*~tactically~*~*~ (cloud).
 13419 | D:10     | 13419 ||| Stepping ~*~*~tactically~*~*~ (cloud).
 13618 | D:10     | Found a sparkling altar of Nemelex Xobeh.
 13629 | D:10     | Found a staircase to the Orcish Mines.
 13672 | D:10     | Found a glowing golden altar of the Shining One.
 13672 | D:10     | Found the +6 shillelagh "Devastator" {shatter}
 13676 | D:10     | Noticed an angel
 13686 | D:10     | Found a basalt altar of Yredelemnul.
 13688 | D:10     | Noticed a profane servitor
 13764 | D:10     | Reached skill level 9 in Armour
 13809 | D:10     | Found a portal to a secret trove of treasure.
 13940 | D:10     | 13940 ||| UPGRADING to +4 scale mail of fire resistance.
 13950 | D:10     | 13950 ||| DROPPING +0 scale mail "Udeptino" {rElec rF+}.
 13951 | D:10     | 13951 ||| DROPPING ring of see invisible.
 14004 | D:11     | Found Lapuitro's Assorted Antiques.
 14012 | D:11     | 14012 ||| BUYING 2 potions of haste (480 gold).
 14012 | D:11     | Bought 2 potions of haste for 480 gold pieces
 14012 | D:11     | 14012 ||| BUYING potion of mutation (192 gold).
 14012 | D:11     | Bought a potion of mutation for 192 gold pieces
 14012 | D:11     | 14012 ||| BUYING scroll of brand weapon (228 gold).
 14012 | D:11     | Bought a scroll of brand weapon for 228 gold pieces
 14012 | D:11     | 14012 ||| BUYING scroll of identify (48 gold).
 14012 | D:11     | Bought a scroll of identify for 48 gold pieces
 14012 | D:11     | 14012 ||| BUYING scroll of identify (48 gold).
 14012 | D:11     | Bought a scroll of identify for 48 gold pieces
 14030 | D:11     | 14030 ||| INVOKING Heroism.
 14135 | D:11     | 14135 ||| Stepping ~*~*~tactically~*~*~ (outnumbered).
 14136 | D:11     | 14136 ||| Stepping ~*~*~tactically~*~*~ (outnumbered).
 14179 | D:11     | Reached skill level 12 in Dodging
 14241 | D:11     | Found Uvuabuh's Distillery.
 14250 | D:11     | 14250 ||| BUYING potion of curing (48 gold).
 14250 | D:11     | Bought a potion of curing for 48 gold pieces
 14250 | D:11     | 14250 ||| BUYING potion of enlightenment (80 gold).
 14250 | D:11     | Bought a potion of enlightenment for 80 gold pieces
 14250 | D:11     | 14250 ||| BUYING potion of magic (128 gold).
 14250 | D:11     | Bought a potion of magic for 128 gold pieces
 14250 | D:11     | 14250 ||| BUYING potion of might (64 gold).
 14250 | D:11     | Bought a potion of might for 64 gold pieces
 14250 | D:11     | 14250 ||| BUYING potion of resistance (160 gold).
 14250 | D:11     | Bought a potion of resistance for 160 gold pieces
 14429 | D:11     | Found Necanwev's Book Emporium.
 14441 | D:11     | Found Weleh's Armour Boutique.
 14449 | D:11     | 14449 ||| BUYING +2 hat of see invisible (294 gold).
 14449 | D:11     | Bought a +2 hat of see invisible for 294 gold pieces
 14449 | D:11     | 14449 ||| BUYING +2 ring mail of poison resistance (252
                  | gold).
 14449 | D:11     | Bought a +2 ring mail of poison resistance for 252 gold
                  | pieces
 14659 | D:11     | Found Vasaine's Assorted Antiques.
 14666 | D:11     | 14666 ||| BUYING scroll of enchant weapon (195 gold).
 14666 | D:11     | Bought a scroll of enchant weapon for 195 gold pieces
 14666 | D:11     | 14666 ||| READING scroll of enchant weapon.
 14666 | D:11     | 14666 ||| ENCHANTING +6 heavy longbow.
 14824 | D:11     | Found a hide-covered altar of Uskayaw.
 14832 | D:11     | 14832 ||| PLANNING D
 14832 | D:11     | 14832 ||| DROPPING +2 scale mail of poison resistance.
 14833 | D:11     | 14833 ||| UPGRADING to +2 hat of see invisible.
 14843 | D:11     | 14843 ||| DROPPING +0 helmet.
 15040 | D:12     | Found a glowing silver altar of Zin.
 15148 | D:12     | Reached ****** piety under Okawaru
 15835 | D:13     | You fall into a shaft and drop 1 floor!
 16097 | D:13     | 16097 ||| INVOKING Heroism.
 16098 | D:13     | 16098 ||| INVOKING Finesse.
 16102 | D:13     | Received a gift from Okawaru
 16266 | D:13     | 16266 ||| Stepping ~*~*~tactically~*~*~ (water).
 16319 | D:13     | 16319 ||| Stepping ~*~*~tactically~*~*~ (water).
 16390 | D:13     | 16390 ||| INVOKING Heroism.
 16391 | D:13     | 16391 ||| INVOKING Finesse.
 16615 | D:13     | 16615 ||| READING scroll of enchant weapon.
 16615 | D:13     | 16615 ||| ENCHANTING +7 heavy longbow.
 16683 | D:13     | 16683 ||| INVOKING Heroism.
 16684 | D:13     | 16684 ||| Stepping ~*~*~tactically~*~*~ (outnumbered).
 16835 | D:14     | Noticed Lodul
 16849 | D:14     | Killed Lodul
 16851 | D:14     | 16851 ||| FLEEEEING.
 16852 | D:14     | 16852 ||| FLEEEEING.
 16853 | D:14     | 16853 ||| FLEEEEING.
 16854 | D:14     | 16854 ||| FLEEEEING.
 16855 | D:14     | 16855 ||| FLEEEEING.
 16856 | D:14     | 16856 ||| FLEEEEING.
 17190 | D:14     | 17190 ||| INVOKING Heroism.
 17200 | D:14     | 17200 ||| INVOKING Finesse.
 17311 | D:14     | Found a gate to the Vaults.
 17341 | D:14     | 17341 ||| INVOKING Heroism.
 17342 | D:14     | 17342 ||| INVOKING Finesse.
 17458 | D:14     | 17458 ||| READING scroll labelled SOKIYM GOCAOXE.
 17503 | D:15     | Entered Level 15 of the Dungeon
 17504 | D:15     | 17504 ||| INVOKING Heroism.
 17507 | D:15     | Received a gift from Okawaru
 17553 | D:15     | Reached XP level 15. HP: 94/94 MP: 24/24
 17591 | D:15     | Received a gift from Okawaru
 17592 | D:15     | Reached skill level 15 in Dodging
 17616 | D:15     | Found Ufoge's Book Shoppe.
 17717 | D:15     | 17717 ||| INVOKING Heroism.
 17736 | D:15     | Found a staircase to the Depths.
 17739 | D:15     | 17739 ||| INVOKING Heroism.
 17742 | D:15     | 17742 ||| Stepping ~*~*~tactically~*~*~ (outnumbered).
 17744 | D:15     | 17744 ||| Stepping ~*~*~tactically~*~*~ (outnumbered).
 18227 | D:15     | Found a stormy altar of Qazlal.
 18279 | D:15     | 18279 ||| PLANNING ORC
 18394 | Orc:1    | Entered Level 1 of the Orcish Mines
 18481 | Orc:1    | 18481 ||| FLEEEEING.
 18482 | Orc:1    | 18482 ||| FLEEEEING.
 18483 | Orc:1    | 18483 ||| FLEEEEING.
 18484 | Orc:1    | 18484 ||| FLEEEEING.
 18485 | Orc:1    | 18485 ||| STAIRDANCE
 18520 | Orc:1    | 18520 ||| Stepping ~*~*~tactically~*~*~ (outnumbered).
 18526 | Orc:1    | 18526 ||| STAIRDANCE
 18688 | Orc:2    | Entered Level 2 of the Orcish Mines
 18771 | Orc:2    | Found a staircase to the Elven Halls.
 18836 | Orc:2    | 18836 ||| INVOKING Heroism.
 18877 | Orc:2    | 18877 ||| INVOKING Heroism.
 18929 | Orc:2    | 18929 ||| FLEEEEING.
 18933 | Orc:2    | 18933 ||| FLEEEEING.
 18934 | Orc:2    | 18934 ||| FLEEEEING.
 18940 | Orc:2    | 18940 ||| FLEEEEING.
 18942 | Orc:2    | 18942 ||| FLEEEEING.
 18943 | Orc:2    | 18943 ||| FLEEEEING.
 18944 | Orc:2    | 18944 ||| FLEEEEING.
 18945 | Orc:2    | 18945 ||| FLEEEEING.
 18950 | Orc:2    | 18950 ||| FLEEEEING.
 19609 | Orc:2    | 19609 ||| INVOKING Heroism.
 19610 | Orc:2    | 19610 ||| Stepping ~*~*~tactically~*~*~ (outnumbered).
 19613 | Orc:2    | 19613 ||| Stepping ~*~*~tactically~*~*~ (outnumbered).
 19630 | Orc:2    | 19630 ||| INVOKING Heroism.
 19643 | Orc:2    | Found Bupewnin's Armour Emporium.
 19643 | Orc:2    | Found Qofin's General Store.
 19645 | Orc:2    | Found Piptecig's Jewellery Emporium.
 19645 | Orc:2    | Found Ylutuwk's Antique Armour Shop.
 19651 | Orc:2    | 19651 ||| BUYING +1 helmet of see invisible (198 gold).
 19651 | Orc:2    | Bought a +1 helmet of see invisible for 198 gold pieces
 19654 | Orc:2    | 19654 ||| BUYING ring of Woelicha {rF+ rCorr Str-2 Slay+5}
                  | (508 gold).
 19654 | Orc:2    | Bought the ring of Woelicha {rF+ rCorr Str-2 Slay+5} for
                  | 508 gold pieces
 19655 | Orc:2    | 19655 ||| BUYING runed scale mail (266 gold).
 19655 | Orc:2    | Bought a runed scale mail for 266 gold pieces
 19655 | Orc:2    | 19655 ||| SHOPLISTING runed scale mail (266 gold, have
                  | 230).
 19657 | Orc:2    | 19657 ||| BUYING potion of mutation (96 gold).
 19657 | Orc:2    | Bought a potion of mutation for 96 gold pieces
 19713 | Orc:2    | 19713 ||| PLANNING SHOALS:1-3
 19713 | Orc:2    | 19713 ||| UPGRADING to +1 helmet of see invisible.
 19723 | Orc:2    | 19723 ||| DROPPING +2 hat of see invisible.
 19724 | Orc:2    | 19724 ||| DROPPING +0 scale mail of fire resistance.
 19725 | Orc:2    | 19725 ||| DROPPING +4 ring of protection.
 19726 | Orc:2    | 19726 ||| UPGRADING to ring of Woelicha {rF+ rCorr Str-2
                  | Slay+5}.
 19728 | Orc:2    | 19728 ||| UPGRADING to +0 pearl dragon scales.
 19936 | Shoals:1 | Entered Level 1 of the Shoals
 19948 | Shoals:1 | 19948 ||| INVOKING Heroism.
 19949 | Shoals:1 | 19949 ||| Stepping ~*~*~tactically~*~*~ (outnumbered).
 19953 | Shoals:1 | 19953 ||| Stepping ~*~*~tactically~*~*~ (water).
 19954 | Shoals:1 | 19954 ||| Stepping ~*~*~tactically~*~*~ (water).
 19955 | Shoals:1 | 19955 ||| Stepping ~*~*~tactically~*~*~ (water).
 19956 | Shoals:1 | 19956 ||| Stepping ~*~*~tactically~*~*~ (water).
 19957 | Shoals:1 | 19957 ||| Stepping ~*~*~tactically~*~*~ (water).
 19958 | Shoals:1 | 19958 ||| Stepping ~*~*~tactically~*~*~ (water).
 19960 | Shoals:1 | 19960 ||| Stepping ~*~*~tactically~*~*~ (water).
 19963 | Shoals:1 | HP: 13/96 [water nymph/the raging water (28)]
 19964 | Shoals:1 | 19964 ||| READING 8 scrolls of teleportation.
 19964 | Shoals:1 | Killed from afar by a water nymph

Levels and vault maps discovered:
D:1:      lemuel_arrival_funnel, layout_basic,
          shapermc_ecumenical_altar_acropolis, minmay_pentomino_v4
D:2:      layout_basic
D:3:      layout_basic, mainiacjoe_overflow_brackets, kennysheep_generic_room_6
D:4:      layout_loops_ring, ebering_ghost_rock_garden, minmay_misc_feat_plants,
          minmay_cupped
D:5:      minmay_chambers_of_threes, layout_basic, serial_shops, shop,
          nrook_pool_corridor, nicolae_half_adder
D:6:      layout_gridville, temple_doors_e, serial_undead, serial_undead_c,
          serial_undead_e, serial_undead_d, serial_undead_b, serial_undead_e,
          serial_undead_e
D:7:      gammafunk_steamed_eel, layout_loops_ring, nrook_uturn,
          lemuel_flamethrower_2
D:8:      layout_loops_corners, marbit_many_paths, enter_bailey_6,
          serial_demonic, serial_demonic_b, serial_demonic_e, serial_demonic_d,
          serial_demonic_g, serial_demonic_c, serial_demonic_b
D:9:      layout_basic, lair_entry_dummy, minmay_misc_feat_pillars,
          kennysheep_generic_room_15
D:10:     minmay_the_grid_octo_2x2 [minmay_the_grid_octo_empty,
          minmay_the_grid_octo_chip, minmay_the_grid_octo_focus,
          minmay_the_grid_octo_prize_square_snowflake], layout_gridville,
          nemelex_diamond_rough_becter, grunt_temple_overflow_holy_war,
          david_orc_2, enter_trove_3
D:11:     layout_gridville, serial_shops, shop, shop, nicolae_shop_crystal,
          shop, shop, nicolae_uskayaw_en_pointe
D:12:     layout_gridville, zin_statuary
D:13:     layout_basic, library_closet
D:14:     layout_roguey, david_vaults_5, uniq_lodul
D:15:     grunt_enter_depths_magical_seal, layout_irregular_city, serial_shops,
          nicolae_shop_stone, nicolae_qazlal_eye_of_the_storm
Temple:   minmay_crystal_spiral_temple
Lair:1:   layout_gridlike, grunt_megastairs_2, serial_bayou_shore_a,
          lemuel_fruit_tree, infiniplex_staircase_pool
Lair:2:   layout_loops_ring, guppyfry_snake_entry_garden, roderic_batcave
Lair:3:   layout_regular_city, minmay_shoals_entry_centaurs,
          portal_ice_cave_entry_pillars_1, uniq_gastronok, uniq_fannar
Lair:4:   layout_loops_ring, serial_bayou_shore_b, grunt_megastairs_3
Lair:5:   evil_forest, layout_cave_pods, slime_entry_1, gauntlet_entry_generic
Shoals:1: layout_shoals, serial_shops, shop_statue
Orc:1:    layout_caves, basic_altar
Orc:2:    grunt_orc_tribal_feast, layout_diamond_mine, david_defended_altar_orc

Skill      XL: |  1  2  3  4  5  6  7  8  9 10 11 12 13 14 15 |
---------------+----------------------------------------------+-----
Ranged Weapons | 6 7 9 10 12 14 16 18 20 | 20.0
Fighting       | 2 3 4 5 6 7 9 11 | 11.9
Dodging        | 3 5 6 7 9 10 11 14 16 | 16.0
Armour         | 1 2 4 5 8 9 |  9.1
Invocations    | 4 9 10 | 10.0
Stealth        | |  1.2

Action                     |  1- 3 |  4- 6 |  7- 9 | 10-12 | 13-15 || total
---------------------------+-------+-------+-------+-------+-------++-------
   Fire: Shortbow          |    53 |       |       |       |       ||    53
         Hand crossbow     |    19 |    87 |   207 |   316 |       ||   629
         Longbow           |       |       |       |   149 |   952 ||  1101
 Invoke: Heroism           |       |       |     6 |    20 |    24 ||    50
         Finesse           |       |       |       |     3 |     9 ||    12
    Use: Scroll            |     6 |     1 |    10 |    12 |     7 ||    36
         Potion            |     2 |     1 |     6 |     2 |       ||    11
 Armour: Leather armour    |    10 |     1 |       |       |       ||    11
         Ring mail         |       |    13 |    29 |    17 |       ||    59
         Scale mail        |       |       |       |    74 |   118 ||   192
         Pearl dragon scal |       |       |       |     7 |    29 ||    36
  Dodge: Dodged            |    17 |    12 |    80 |   200 |   530 ||   839

Table legend:
 A = Non-vault XP
 B = Vault XP
 C = Vault XP percentage of total XP
 D = Non-vault monster count
 E = Vault monster count
 F = Vault count percentage of total count
                 A         B        C        D         E       F
            +---------+---------+-------+---------+---------+-------
      Total |   87787 |   38189 |  30.3 |     503 |     176 |  25.9
            +---------+---------+-------+---------+---------+-------
        D:1 |      31 |       7 |  18.4 |      17 |       4 |  19.0
        D:2 |     140 |       0 |   0.0 |      27 |       0 |   0.0
        D:3 |     311 |       5 |   1.6 |      17 |       3 |  15.0
        D:4 |     265 |       6 |   2.2 |      20 |       2 |   9.1
        D:5 |     697 |     718 |  50.7 |      13 |      17 |  56.7
        D:6 |    1296 |     762 |  37.0 |      32 |      12 |  27.3
        D:7 |     746 |       0 |   0.0 |      10 |       0 |   0.0
        D:8 |    2162 |     181 |   7.7 |      24 |      12 |  33.3
        D:9 |    1454 |      35 |   2.4 |      20 |       1 |   4.8
       D:10 |    1153 |    5287 |  82.1 |       7 |      20 |  74.1
       D:11 |    5833 |       0 |   0.0 |      31 |       0 |   0.0
       D:12 |    5525 |       0 |   0.0 |      22 |       0 |   0.0
       D:13 |    5659 |       0 |   0.0 |      21 |       0 |   0.0
       D:14 |    9021 |    4607 |  33.8 |      21 |      16 |  43.2
       D:15 |   10916 |    3897 |  26.3 |      22 |       9 |  29.0
     Lair:1 |    3764 |    1154 |  23.5 |      17 |       4 |  19.0
     Lair:2 |    6977 |     337 |   4.6 |      16 |       9 |  36.0
     Lair:3 |    6224 |    2810 |  31.1 |      23 |       6 |  20.7
     Lair:4 |   14163 |     523 |   3.6 |      53 |       2 |   3.6
     Lair:5 |    6872 |   10313 |  60.0 |       9 |      26 |  74.3
   Shoals:1 |     767 |       0 |   0.0 |       2 |       0 |   0.0
      Orc:1 |    2270 |       0 |   0.0 |      47 |       0 |   0.0
      Orc:2 |    1541 |    7547 |  83.0 |      32 |      33 |  50.8
            +---------+---------+-------+---------+---------+-------
